 Dungeon Crawl Stone Soup version 0.31-a0-836-g3ceb0a68c4 (webtiles) character file.

Game seed: 11429135560491307441

990 Kurtz the Cleaver (level 8, 0/52 HPs)
             Began as an Octopode Fighter on Sept 26, 2023.
             Slain by a phantom (7 damage)
             ... on level 5 of the Dungeon.
             The game lasted 00:03:21 (3902 turns).

Kurtz the Cleaver (Octopode Fighter)                Turns: 3902, Time: 00:03:21

Health: 0/52       AC:  4    Str: 16    XL:     8   Next: 18%
Magic:  8/8        EV: 13    Int: 10    God:
Gold:   173        SH:  4    Dex: 13    Spells: 7/7 levels left

rFire   . . .        l - +7 Throatcutter {drain, coup de grace}
rCold   . . .        t - +0 buckler {AC+3}
rNeg    . . .        (helmet restricted)
rPois   .            (no amulet)
rElec   .            j - ring of see invisible
rCorr   .            (no ring)
SInv    +            (no ring)
Will    .....        (no ring)
Stlth   ++           (no ring)
HPRegen 0.28/turn    (no ring)
MPRegen 0.11/turn    (no ring)
                     (no ring)

%: no passive effects
@: no status effects
A: almost no armour, amphibious, 8 rings, camouflage 1, gelatinous body 1,
(nimble swimmer 1), tentacles
a: no special abilities


You were on level 5 of the Dungeon.
You visited 1 branch of the dungeon, and saw 5 of its levels.

You collected 293 gold pieces.
You spent 120 gold pieces at shops.

Inventory:

Hand Weapons
 a - a +0 war axe
 l - the +7 Throatcutter (weapon) {drain, coup de grace}
   (You found it on level 2 of the Dungeon)
Missiles
 h - 9 poisoned darts
 u - 4 silver javelins
Armour
 b - a +0 buckler
 t - a +0 buckler of protection (worn)
Jewellery
 j - a ring of see invisible (left tentacle)
Wands
 m - a wand of flame (40)
Scrolls
 e - 2 scrolls of teleportation {unknown}
 g - a scroll of vulnerability {unknown}
 i - a scroll of poison {unknown}
 n - 2 scrolls of identify {unknown}
Potions
 c - a potion of might
 d - 2 potions of heal wounds
 k - 2 potions of lignification {unknown}
 o - a potion of magic {unknown}
 p - 4 potions of brilliance {unknown}
 q - a potion of degeneration {unknown}
 r - a potion of enlightenment {unknown}
 s - a potion of mutation {unknown}
 v - 2 potions of berserk rage {unknown}


   Skills:
 - Level 3.0 Fighting
 * Level 9.4 Axes
 - Level 3.0 Dodging
 - Level 3.0 Shields


You had 7 spell levels left.
You didn't know any spells.
Your spell library contained the following spells:

 Spells                   Type           Power      Damage    Failure   Level
 Necrotise                Necr           0%         1d4       43%         1
 Gell's Gravitas          Tloc           0%         N/A       82%         3
 Teleport Other           Tloc           0%         N/A       82%         3
 Vampiric Draining        Necr           0%         2d6       82%         3
 Agony                    Necr           0%         N/A       100%        5
 Dispersal                Tloc           0%         N/A       100%        6


Dungeon Overview and Level Annotations

Branches:
Dungeon (5/15)
 Temple: D:4-7

Altars:
Uskayaw

Shops:
D:1 !   D:3 (   D:4 [

Annotations:
D:5 Blork the orc


Innate Abilities, Weirdness & Mutations

You cannot wear most types of armour.
You are amphibious.
You can wear up to eight rings at the same time.
Your skin changes colour to match your surroundings (Stealth+).
Your rubbery body absorbs attacks. (AC +1, EV +1)
((You are camouflaged when in or above water. (Stealth+)))
You have tentacles for arms and can constrict up to eight enemies at once.


Message History

The magic dart hits you.
* * * LOW HITPOINT WARNING * * *
Blork the orc looks satisfied for a moment.
The phantom hits you.
* * * LOW HITPOINT WARNING * * *
The phantom blinks!
You blink.
You can't go down here!
The phantom attacks as it pursues you! The phantom barely misses you.
Blork the orc attacks as he pursues you!
Blork the orc hits you from afar with a +0 halberd.
* * * LOW HITPOINT WARNING * * *
Blork the orc looks satisfied for a moment.
The phantom attacks as it pursues you! The phantom hits you!
* * * LOW HITPOINT WARNING * * *
Found 2 poisoned darts.
Blork the orc mumbles some strange words.
Blork the orc seems to speed up.
As you read the scroll labelled INGIGG AMIV, it crumbles to dust.
The creatures around you are filled with an inner flame!
It was a scroll of immolation.
The gnoll hits you from afar with a +2 vampiric spear.
* * * LOW HITPOINT WARNING * * *
The phantom misses you.
It was a potion of heal wounds.
You feel much better. Blork the orc closely misses you.
The gnoll barely misses you. You block the phantom's attack.
Unknown command.
Okay, then.
Blork the orc barely misses you.
The orc wizard attacks as it pursues you!
The orc wizard hits you with a +0 dagger.
* * * LOW HITPOINT WARNING * * *
Blork the orc barely misses you. The phantom closely misses you.
Blork the orc screams, "I'm much stronger than you!"
Blork the orc barely misses you.
The orc wizard points at you and mumbles some strange words.
The puff of flame hits you!
* * * LOW HITPOINT WARNING * * *
The phantom attacks as it pursues you! The phantom hits you!
You die...

### #.# #.#
####.############################
.................................
####.############################
.....####### #################
...........###o.@............#
..............oW..>..........#
...............o.............###
##...........og....(...........##
##.........lg.####+####........#.
...........g..####.####........#.
....#......o...................#.
.#.............###.............#.
.#........#....# #...............


You could see Blork the orc (fast, inner flame), a phantom (inner flame), an
iguana (inner flame), an orc priest (inner flame), an orc wizard (inner flame),
3 gnolls and 2 orcs.

Vanquished Creatures
  Grinder (D:3)
  Sigmund (D:2)
  A centaur (D:5)
  2 scorpions (D:4)
  A howler monkey (D:4)
  Jessica (D:3)
  Ijyb (D:3)
  An orc wizard (D:5)
  Natasha (thrice) (D:2)
  Robin (D:3)
  3 gnolls (D:3)
  6 adders
  A worm (D:2)
  2 dart slugs
  15 orcs
  4 bats
  8 endoplasms
  6 giant cockroaches
  4 hobgoblins
  8 jackals
  2 quokkas
  8 ball pythons
  2 frilled lizards (D:1)
  14 goblins
  8 kobolds
  7 rats
  A spectral hobgoblin (D:3)
112 creatures vanquished.

Notes
Turn   | Place    | Note
-------+----------+-------------------------------------------
     0 | D:1      | Kurtz the Octopode Fighter began the quest for the Orb.
     0 | D:1      | Reached XP level 1. HP: 16/16 MP: 1/1
    85 | D:1      | Reached XP level 2. HP: 21/21 MP: 2/2
   195 | D:1      | Reached skill level 3 in Axes
   296 | D:1      | Reached XP level 3. HP: 25/26 MP: 3/3
   336 | D:1      | Found Nuohuj's Distillery.
   882 | D:2      | Noticed Sigmund
   887 | D:2      | Killed Sigmund
   888 | D:2      | Reached skill level 5 in Axes
   888 | D:2      | Reached XP level 4. HP: 31/31 MP: 4/4
   888 | D:2      | Reached XP level 5. HP: 36/36 MP: 5/5
  1019 | D:2      | Found a hide-covered altar of Uskayaw.
  1034 | D:2      | Noticed Natasha
  1045 | D:2      | Killed Natasha
  1046 | D:2      | Reached skill level 6 in Axes
  1046 | D:2      | Reached XP level 6. HP: 36/42 MP: 6/6
  1213 | D:2      | Noticed Natasha
  1223 | D:2      | Killed Natasha
  1371 | D:2      | Found the +7 Throatcutter {drain, coup de grace}
  1617 | D:2      | Noticed Natasha
  1623 | D:2      | Killed Natasha
  1952 | D:3      | Identified the +6 short sword of the Apocalypse {drain, rC+
                  | Int+3}
  1969 | D:3      | Noticed Grinder
  1977 | D:3      | Paralysed by Grinder for 3 turns
  1985 | D:3      | Killed Grinder
  1986 | D:3      | Reached skill level 7 in Axes
  1986 | D:3      | Reached XP level 7. HP: 23/46 MP: 7/7
  2134 | D:3      | Noticed Robin
  2163 | D:3      | Killed Robin
  2164 | D:3      | Reached skill level 8 in Axes
  2293 | D:3      | Found Pumiwu Ric's Weapon Emporium.
  2329 | D:3      | Noticed Ijyb
  2336 | D:3      | Killed Ijyb
  2438 | D:3      | Found a faded altar of an unknown god.
  2565 | D:3      | Noticed Jessica
  2571 | D:3      | Killed Jessica
  3111 | D:4      | Reached skill level 9 in Axes
  3111 | D:4      | Reached XP level 8. HP: 47/52 MP: 8/8
  3221 | D:4      | Found Rereapt's Antique Armour Boutique.
  3225 | D:4      | Bought a glowing buckler for 120 gold pieces
  3603 | D:5      | Entered Level 5 of the Dungeon
  3889 | D:5      | Noticed Blork the orc
  3897 | D:5      | HP: 1/52 [gnoll/+2 vampiric spear (3)]
  3902 | D:5      | Slain by a phantom

Illustrated notes

Levels and vault maps discovered:
D:1:      evilmike_arrival_fibonacci_small, layout_basic, serial_shops, shop
D:2:      layout_loops_corners, basic_altar, minivault_23, chequers_jeans,
          minmay_fountain_box, minmay_misc_feat_enclosed, uniq_sigmund,
          uniq_natasha
D:3:      layout_rooms, dreamdust_ecumenical_altar_drowned_temple, serial_shops,
          nicolae_shop_statue_plus, minmay_hedge_maze, chequers_avenue,
          uniq_robin, uniq_ijyb, uniq_grinder, uniq_jessica
D:4:      wad_crossroads, layout_cave_pools, serial_shops, nicolae_shop_stone,
          minmay_small_thing
D:5:      layout_basic, moated_statue, minmay_misc_feat_tower,
          uniq_blork_the_orc, uniq_prince_ribbit1

Skill      XL: |  1  2  3  4  5  6  7 |
---------------+----------------------+-----
Axes           | 3 5 6 7 9 |  9.4
Fighting       | |  3.0
Dodging        | |  3.0
Shields        | |  3.0

Action                     |  1- 3 |  4- 6 |  7- 9 || total
---------------------------+-------+-------+-------++-------
  Melee: War axe           |    46 |    27 |       ||    73
         Constrict         |    14 |    12 |    19 ||    45
         Tentacles         |     5 |     8 |    14 ||    27
         Long sword        |       |    28 |    98 ||   126
         Punch             |       |     1 |     1 ||     2
    Use: Scroll            |       |       |     1 ||     1
         Potion            |       |       |     1 ||     1
   Stab: Sleeping          |     7 |     3 |     7 ||    17
 Armour: Skin              |    12 |    23 |    70 ||   105
  Dodge: Dodged            |    27 |    25 |    79 ||   131
  Block: Buckler           |    10 |     8 |    28 ||    46

Table legend: (Time is in decaauts)
 A = Elapsed time spent in this place.
 B = Non-inter-level travel time spent in this place.
 C = Inter-level travel time spent in this place.
 D = Time resting spent in this place.
 E = Time spent auto-exploring this place.
 F = Levels seen in this place.
 G = Mean time per level.
                   A        B        C        D        E       F      G
               +--------+--------+--------+--------+--------+-----+--------+
         Total |   3981 |   3748 |    233 |    183 |   2799 |   5 |  796.2 |
       Dungeon |   3981 |   3748 |    233 |    183 |   2799 |   5 |  796.2 |
               +--------+--------+--------+--------+--------+-----+--------+

Top non-repeatable levels by time:
     D:2: 1060 daAuts
     D:3: 954 daAuts
     D:4: 928 daAuts
     D:1: 858 daAuts
     D:5: 180 daAuts
